 Dungeon Crawl Stone Soup version 0.18.1-48-g4cf74bf (webtiles) character file.

2993 Alarkh the Archer (level 9, -5/61 HPs)
             Began as a Mummy Hunter on Aug 8, 2016.
             Slain by an orc warrior
             ... wielding a +0 battleaxe
              (13 damage)
             ... on level 8 of the Dungeon on Aug 9, 2016.
             The game lasted 00:14:49 (8499 turns).

Alarkh the Archer (Mummy Hunter)                    Turns: 8499, Time: 00:14:50

Health: -5/61      AC:  7    Str: 15    XL:     9   Next: 54%
Magic:  9/9        EV: 11    Int: 13    God:
Gold:   375        SH:  0    Dex: 13    Spells: 0 memorised, 8 levels left

rFire  . . .     SeeInvis .     a - +1 shortbow
rCold  + . .     Gourm    .     i - +0 ring mail
rNeg   + + +     Faith    .     (shield currently unavailable)
rPois  ∞         Spirit   .     o - +0 helmet
rElec  .         Dismiss  .     (no cloak)
rCorr  .         Reflect  .     n - +0 pair of gloves
SustAt +         Harm     .     (no boots)
MR     +....                    (no amulet)
Stlth  +.........               w - ring of protection from fire
                                l - ring of sustain attributes

@: somewhat resistant to hostile enchantments, very unstealthy
A: no food or potions, fire vulnerability, cold resistance 1, negative energy
resistance 3, torment resistance, unbreathing
a: no special abilities


You were on level 8 of the Dungeon.
You were not hungry.

You visited 1 branch of the dungeon, and saw 9 of its levels.

You collected 375 gold pieces.

Inventory:

Hand Weapons
 a - a +1 shortbow (weapon)
 b - a +2 short sword of freezing
 e - a +0 short sword
 q - a +2 short sword of flaming
 y - the +1 battleaxe of Cowardice {chop, rPois rC+ Int+3}
   (You found it on level 8 of the Dungeon)

   It inflicts extra damage upon your enemies.
   It affects your intelligence (+3).
   It protects you from cold.
   It protects you from poison.
Missiles
 d - 18 arrows (quivered)
Armour
 c - a +0 leather armour
 i - a +0 ring mail (worn)
 n - a +0 pair of gloves (worn)
 o - a +0 helmet (worn)
Jewellery
 l - a ring of sustain attributes (left hand)
 t - an uncursed ring of teleportation
 w - a ring of protection from fire (right hand)
Wands
 k - a wand of digging (16/24)
 v - a wand of flame (22/48)
Scrolls
 f - a scroll of enchant armour
 g - a scroll of identify
 h - 2 scrolls of blinking
 j - 2 scrolls of enchant weapon
 m - a scroll of recharging {unknown}
 p - 3 scrolls of teleportation
 r - 2 scrolls of noise
 s - 4 scrolls of fog
 x - a scroll of random uselessness {unknown}
Books
 u - a book of Burglary

   Spells                             Type                      Level
   a - Swiftness                      Charms/Air                   2
   b - Passwall                       Transmutation/Earth          2
   c - Passage of Golubria            Translocation                4
   d - Lee's Rapid Deconstruction     Earth                        5
   e - Darkness                       Hexes                        6
   f - Invisibility                   Hexes                        6


   Skills:
 - Level 2.0 Fighting
 + Level 11.5 Bows
 - Level 1.5 Dodging
 - Level 0.7 Stealth


You had 8 spell levels left.
You didn't know any spells.

Dungeon Overview and Level Annotations

Branches:
Dungeon (9/15)
 Temple: D:4-7         Lair: D:8-11         Orc: D:9-12

Altars:
Kikubaaqudgha
Makhleb
Nemelex Xobeh
Pakellas
Qazlal
Trog
Zin
The Shining One

Shops:
D:5 ?   D:8 *

Annotations:
D:2 Grinder, Sigmund
D:5 2 runed doors


Innate Abilities, Weirdness & Mutations

You do not eat or drink.
Your flesh is vulnerable to fire.
You are immune to poison.
Your flesh is cold resistant.
You are immune to negative energy.
You are immune to unholy pain and torment.
You can survive without breathing.


Message History

The arrow closely misses the orc.
Firing (i - inventory):
d - 21 arrows (quivered)
Press: ? - help, Shift-Dir - straight line, f/p - orc warrior
Aim: an orc warrior, wielding a battleaxe and wearing a plate armour (severely wounded)
You shoot an arrow. The arrow hits the orc warrior!
The orc warrior is almost dead.
The orc warrior closely misses you.
Firing (i - inventory):
d - 20 arrows (quivered)
Press: ? - help, Shift-Dir - straight line, f/p - orc warrior
Aim: an orc warrior, wielding a battleaxe and wearing a plate armour (almost dead)
You shoot an arrow.
The arrow closely misses the orc warrior.
The orc barely misses you. The orc hits you but does no damage.
Firing (i - inventory):
d - 19 arrows (quivered)
Press: ? - help, Shift-Dir - straight line, f/p - orc warrior
Aim: an orc warrior, wielding a battleaxe and wearing a plate armour (almost dead)
You shoot an arrow. The arrow hits the orc warrior.
The orc warrior is almost dead.
The orc warrior hits you with a battleaxe!
You die...

#..# #.....# ####.......#....
####..# #.....# #.......#....
......# #.....# #.......#....
....#.###.....#######.......#....
.....>..'...........+.......#....
....#####.....#######.......#....
....# #.....# ###.......#....
....# #.....#####............[.
....# ####....@...######..#....
....# #...ooo..#######.#....
##### #...........[........#
#########.......#########.##.#
#.........(.....# #.##.#
#............(..# #..#.#
#.........(############ ##.#.#
#.........()..........# #...#
##########............# ##.)#


You could see an orc warrior and 2 orcs.

Vanquished Creatures
  A centaur skeleton (D:8)
  2 orc warriors (D:8)
  A black bear (D:7)
  3 phantoms
  A sky beast (D:6)
  3 ice beasts
  A necrophage (D:6)
  4 ogres
  2 centaurs
  A giant frog (D:6)
  2 scorpions
  2 jellies
  3 howler monkeys
  2 crimson imps
  A quasit (D:8)
  4 orc priests
  4 hounds
  Ijyb (D:2)
  3 iguanas
  4 orc wizards
  5 worker ants
  2 hound skeletons
  A worker ant zombie (D:6)
  Robin (D:3)
  A gnoll (D:6)
  7 adders
  A shadow imp (D:8)
  An ooze (D:4)
  An adder zombie (D:6)
  A worm (D:2)
  2 dart slugs
  4 giant geckos
  20 orcs
  2 bats (D:2)
  3 giant cockroaches
  13 goblins
  8 hobgoblins
  5 jackals (D:5)
  A quokka (D:7)
  A ball python (D:6)
  A giant gecko skeleton (D:5)
  4 giant newts
  A jackal skeleton (D:7)
  4 kobolds
  4 rats
139 creatures vanquished.

Vanquished Creatures (others)
  A gnoll (D:6)
1 creature vanquished.

Grand Total: 140 creatures vanquished

Notes
Turn   | Place    | Note
--------------------------------------------------------------
     0 | D:1      | Alarkh the Mummy Hunter began the quest for the Orb.
     0 | D:1      | Reached XP level 1. HP: 16/16 MP: 1/1
   453 | D:1      | Reached XP level 2. HP: 22/22 MP: 2/2
   798 | D:2      | Noticed Sigmund
   897 | D:2      | Reached skill level 4 in Bows
  1239 | D:2      | Reached XP level 3. HP: 27/27 MP: 3/3
  1282 | D:2      | Noticed Ijyb
  1298 | D:2      | Killed Ijyb
  1298 | D:2      | Reached XP level 4. HP: 23/33 MP: 4/4
  1492 | D:3      | Noticed Robin
  1662 | D:3      | Found a stormy altar of Qazlal.
  1720 | D:3      | Noticed Grinder
  1722 | D:3      | Paralysed by Grinder for 6 turns
  1767 | D:3      | Paralysed by Grinder for 3 turns
  2032 | D:4      | Reached skill level 5 in Bows
  2178 | D:4      | Reached XP level 5. HP: 22/38 MP: 5/5
  2401 | D:3      | Killed Robin
  2666 | D:3      | Paralysed by Grinder for 5 turns
  2699 | D:2      | Paralysed by Grinder for 4 turns
  3183 | D:4      | Found a glowing golden altar of the Shining One.
  3388 | D:4      | Found a sparkling altar of Nemelex Xobeh.
  3590 | D:4      | Reached skill level 6 in Bows
  3916 | D:5      | Entered Level 5 of the Dungeon
  4043 | D:5      | Reached XP level 6. HP: 43/44 MP: 6/6
  4199 | D:5      | Found a runed door.
  4222 | D:5      | Found a runed door.
  4405 | D:5      | Found an ancient bone altar of Kikubaaqudgha.
  4634 | D:5      | Found a glowing silver altar of Zin.
  4745 | D:5      | Reached skill level 7 in Bows
  4847 | D:5      | Noticed an ice beast
  4865 | D:5      | Reached XP level 7. HP: 50/50 MP: 7/7
  4889 | D:5      | Found Ytsoa's Magic Scroll Shoppe.
  5324 | D:6      | Reached skill level 8 in Bows
  5652 | D:6      | Reached XP level 8. HP: 52/56 MP: 8/8
  5777 | D:6      | Reached skill level 9 in Bows
  6696 | D:6      | You fall through a shaft for 3 floors!
  6788 | D:8      | Reached skill level 10 in Bows
  6804 | D:8      | Reached XP level 9. HP: 29/61 MP: 9/9
  7470 | D:8      | Found Paopsuk's General Store.
  7479 | D:8      | Got a fine battleaxe
  7480 | D:8      | Identified the cursed +1 battleaxe of Cowardice {chop, rPois rC+ Int+3} (You found it on level 8 of the Dungeon)
  7546 | D:8      | Reached skill level 11 in Bows
  7603 | D:8      | Found a burning altar of Makhleb.
  7870 | D:7      | Found an oddly glowing altar of Pakellas.
  7961 | D:7      | Found a bloodstained altar of Trog.
  8499 | D:8      | Slain by an orc warrior

Skill      XL: |  1  2  3  4  5  6  7  8  9 |
---------------+----------------------------+-----
Bows           | 4 5 6 7 8 10 11 | 11.5
Fighting       | |  2.0
Dodging        | |  1.5
Stealth        | |  0.7

Action                   |  1- 3 |  4- 6 |  7- 9 || total
-------------------------+-------+-------+-------++-------
Melee: Short sword       |     6 |    38 |    94 ||   138
       Battleaxe         |       |       |    10 ||    10
 Fire: Shortbow          |    75 |   203 |   399 ||   677
  Use: Scroll            |       |     9 |     2 ||    11
Armor: Ring mail         |    10 |    53 |   113 ||   176
Dodge: Dodged            |    19 |    92 |   140 ||   251
